 Dungeon Crawl Stone Soup version 0.31.0-11-ge490571c62 (webtiles) character file.

Game seed: 14882839618899507854

399 emikaela the Trooper (level 6, -1/79 HPs)
             Began as a Draconian Shapeshifter on Feb 2, 2024.
             Engulfed by a cloud of steam (4 damage)
             ... on level 4 of the Dungeon.
             The game lasted 00:13:35 (3433 turns).

emikaela the Trooper (Draconian Shapeshifter)       Turns: 3433, Time: 00:13:36

Health: -1/79      AC: 23    Str: 17    XL:     6   Next: 53%
Magic:  6/6        EV:  2    Int: 10    God:
Gold:   73         SH:  0    Dex: 12    Spells: 5/5 levels left

rFire   . .          .
                       - Unarmed
rCold   . . .        (no shield)
rNeg    . . .        (body armour unavailable)
rPois   +            (helmet currently unavailable)
rElec   .            (cloak currently unavailable)
rCorr   .            (gloves currently unavailable)
SInv    .            (boots currently unavailable)
Will    .....        (no amulet)
Stlth   ++           (no ring)
HPRegen 0.33/turn    (no ring)
MPRegen 0.10/turn

%: no passive effects
@: tree-form
A: stationary, stasis, torment immunity, boosted hp, AC +6, unfitting armour,
(cold-blooded)
a: no special abilities


You were on level 4 of the Dungeon.
You were a tree.
You visited 1 branch of the dungeon, and saw 4 of its levels.

You collected 73 gold pieces.

Inventory:

Missiles
 h - 9 poisoned darts
 n - 2 throwing nets {!f}
 s - 33 stones (quivered)
 z - 3 boomerangs
Armour
 l - a scarf of repulsion
 m - a +0 pair of gloves
Jewellery
 g - a ring of wizardry
 x - a ring of wizardry
Talismans
 b - a beast talisman
 c - a flux talisman
Wands
 t - a wand of charming (5)
 Y - a wand of polymorph (11)
Scrolls
 j - 2 scrolls of revelation {unknown}
 o - a scroll of vulnerability {unknown}
 p - a scroll of immolation {unknown}
 q - a scroll of enchant weapon {unknown}
 u - a scroll of poison {unknown}
 v - a scroll of brand weapon {unknown}
 y - 2 scrolls of identify {unknown}
Potions
 a - a potion of lignification {!q}
 d - 2 potions of enlightenment {unknown}
 e - a potion of degeneration {unknown}
 f - 2 potions of ambrosia {unknown}
 i - a potion of brilliance {unknown}
 k - 2 potions of magic {unknown}
 r - a potion of invisibility {unknown}
 w - a potion of heal wounds {unknown}


   Skills:
 + Level 4.6 Fighting
 - Level 1.7 Dodging
 - Level 3.0 Stealth
 + Level 4.2 Unarmed Combat
 + Level 3.9 Shapeshifting


You had 5 spell levels left.
You didn't know any spells.
Your spell library contained the following spells:

 Spells                   Type           Power      Damage    Failure   Level
 Freeze                   Ice            0%         1d3       36%         1
 Frozen Ramparts          Ice            0%         1d1       75%         3
 Hailstorm                Conj/Ice       0%         3d5       75%         3


Dungeon Overview and Level Annotations

Branches:
Dungeon (4/15)
 Temple: D:4-7

Altars:

Shops:
D:2 [

Annotations:
D:3 1 runed translucent door, Crazy Yiuf, Sigmund


Innate Abilities, Weirdness & Mutations

You are a tree.
Your roots penetrate the ground, keeping you stationary.
You cannot be teleported.
You are immune to unholy pain and torment.
Your maximum health is greatly increased.
Your equipment is partially melded.
((Your plain brown scales are hard. (AC +6)))
You cannot fit into any form of body armour.
((You are cold-blooded and may be slowed by cold attacks.))


Message History

The ball of steam hits you!
* * * LOW HITPOINT WARNING * * *
Found a bone wand.
Your transformation has ended.
You turn into a tree.
Your roots penetrate the ground.
The steam dragon bites you but does no damage.
The steam dragon claws you but does no damage.
You hit the steam dragon but do no damage.
The steam dragon is moderately wounded.
The steam dragon bites you but does no damage.
The steam dragon claws you but does no damage.
You barely miss the steam dragon.
The steam dragon is moderately wounded.
The steam dragon bites you but does no damage.
The steam dragon claws you.
* * * LOW HITPOINT WARNING * * *
You hit the steam dragon.
The steam dragon is heavily wounded.
The steam dragon bites you!
* * * LOW HITPOINT WARNING * * *
The steam dragon claws you but does no damage.
You barely miss the steam dragon.
The steam dragon is heavily wounded.
The steam dragon breathes steam at you. The ball of steam hits you.
* * * LOW HITPOINT WARNING * * *
You hit the steam dragon.
The steam dragon is severely wounded.
You are engulfed in a cloud of scalding steam.
The steam dragon bites you but does no damage.
The steam dragon claws you but does no damage.
You hit the steam dragon but do no damage.
The steam dragon is severely wounded.
You are engulfed in a cloud of scalding steam.
The steam dragon bites you but does no damage.
The steam dragon barely misses you.
You smack the steam dragon!
You kill the steam dragon!
You are engulfed in a cloud of scalding steam.
You die...

#####.#......#
##.....#.##.... ####
.#.####)....#.#
#...##...##.......#.#
##:.....#..##...÷.#...#
#.........# #....<....#
#...#.§..# #...#####..
#...§....####...#.###..
#..§.♣#..[$#.#.......#
#.......##.......##.##
...#..#######.#######.#
/....# #..# #.# #..#
##.# ^.# .... .. .##
... ##. .. ## ## ##


There were no monsters in sight!

Vanquished Creatures
  A steam dragon (D:4)
  A howler monkey (D:3)
  A hound (D:3)
  Jessica (D:2)
  Ijyb (D:3)
  An iguana (D:4)
  2 orc wizards (D:4)
  Terence (D:2)
  Robin (D:2)
  4 adders
  3 gnolls (D:3)
  3 dart slugs
  2 ribbon worms
  9 orcs
  4 ball pythons
  6 endoplasms
  A giant cockroach (D:2)
  17 goblins
  6 hobgoblins
  7 jackals
  7 kobolds
  7 bats
  7 frilled lizards
  3 rats (D:1)
96 creatures vanquished.

Notes
Turn   | Place    | Note
-------+----------+-------------------------------------------
     0 | D:1      | emikaela the Draconian Shapeshifter began the quest for the
                  | Orb.
     0 | D:1      | Reached XP level 1. HP: 16/16 MP: 1/1
   254 | D:1      | Reached skill level 1 in Stealth
   254 | D:1      | Reached XP level 2. HP: 21/24 MP: 2/2
   738 | D:1      | Reached XP level 3. HP: 30/30 MP: 3/3
   876 | D:2      | Noticed Jessica
   876 | D:2      | Noticed Robin
  1436 | D:2      | Killed Jessica
  1437 | D:2      | Reached XP level 4. HP: 38/38 MP: 4/4
  1458 | D:2      | Noticed Terence
  1482 | D:2      | Killed Terence
  1611 | D:2      | Found Luexiyj's Armour Emporium.
  1895 | D:2      | Reached XP level 5. HP: 37/45 MP: 5/5
  1896 | D:2      | Killed Robin
  1940 | D:3      | Noticed Sigmund
  2083 | D:3      | Found a runed translucent door.
  2084 | D:3      | Noticed Crazy Yiuf
  2276 | D:3      | Noticed Ijyb
  2353 | D:3      | Killed Ijyb
  2981 | D:4      | Reached XP level 6. HP: 52/52 MP: 6/6
  3066 | D:4      | Noticed a steam dragon
  3430 | D:4      | HP: 3/79 [steam dragon/ball of steam (2)]
  3433 | D:4      | Killed a steam dragon
  3433 | D:4      | Engulfed by a cloud of steam

Illustrated notes

Levels and vault maps discovered:
D:1:      dpeg_arrival_rhombus, layout_basic
D:2:      layout_rooms, serial_shops, shop, minmay_pentomino_t2, uniq_jessica,
          uniq_terence, uniq_robin
D:3:      layout_rooms, uniq_crazy_yiuf_cottage, uniq_ijyb, uniq_sigmund
D:4:      layout_basic, nicolae_zen_rock_garden, minmay_manual_moon

Skill      XL: |  1  2  3  4  5  6 |
---------------+-------------------+-----
Stealth        | 1 2 3 |  3.0
Fighting       | 2 3 4 |  4.6
Unarmed Combat | 4 |  4.2
Dodging        | |  1.7
Shapeshifting  | |  3.9

Action                     |  1- 3 |  4- 6 || total
---------------------------+-------+-------++-------
  Melee: Unarmed           |   105 |   202 ||   307
         Tailslap          |    10 |    34 ||    44
         Punch             |     3 |       ||     3
    Use: Potion            |       |     1 ||     1
   Stab: Sleeping          |     4 |     3 ||     7
 Armour: Skin              |    58 |   125 ||   183
  Dodge: Dodged            |    47 |   150 ||   197
